cohdb
Replays
Latest Replays
All Replays
Popular Replays
Top Player Replays
Match Explorer
How It Works
Community
CoH3 Stats
Reddit
Sign in to upload your games and track your stats! →
Sign in with Steam
Match 43697033
Unlisted
Match 43697033
Overview
Messages
Build Orders
End
Pioneer Squad
Construct Infanterie Kompanie
Grenadier Squad
MG 42 Machine Gun Team
MG 42 Machine Gun Team
Selects Terror Battlegroup
Selects Machine Gun Camouflage
Grenadier Squad
Construct Panzergrenadier Kompanie
Medical Bunker
Panzergrenadier Squad
Panzergrenadier Squad
Construct Panzer Kompanie
Panzer IV Medium Tank
Selects No Quarter
goa_molina
SlayerY
0
0
Comments
sign in to comment!
No comments posted yet!